 Dungeon Crawl Stone Soup version 0.31-a0-549-gf98fd537a9 (console) character file.

Game seed: 8520689726728643534

13151 Ignak the Thaumaturge (level 12, -1/91 HPs)
             Began as a Gnoll Air Elementalist on Aug 16, 2023.
             Was a Priest of Sif Muna.
             Slain by confidenceinterval's ghost (24 damage)
             ... on level 11 of the Dungeon.
             The game lasted 00:42:00 (13025 turns).

Ignak the Thaumaturge (Gnoll Air Elementalist)     Turns: 13025, Time: 00:42:01

Health: -1/91      AC: 10    Str:  7      XL:     12   Next: 3%
Magic:  13/24      EV: 16    Int: 19 (24) God:    Sif Muna [***...]
Gold:   1002       SH:  6    Dex: 20      Spells: 4/28 levels left

rFire   . . .        b - +4 scimitar (venom)
rCold   + . .        T - +0 buckler
rNeg    + . .        B - +2 leather armour of Cynicism {rC+ Dex+5}
rPois   .            g - +2 helmet
rElec   .            N - +0 cloak
rCorr   .            (no gloves)
SInv    .            (no boots)
Will    .....        y - amulet of faith
Stlth   ++++         e - ring of positive energy
HPRegen 0.35/turn    S - +6 ring of intelligence
MPRegen 0.19/turn

%: faith
@: on blink cooldown, hasted, studying Long Blades, very quick
A: fangs 1, strong nose, distributed training, screaming 1
a: Renounce Religion, Channel Magic, Forget Spell


You were on level 11 of the Dungeon.
You worshipped Sif Muna.
Sif Muna was most pleased with you.
You visited 2 branches of the dungeon, and saw 12 of its levels.
You also visited: Bailey.

You collected 1142 gold pieces.
You spent 140 gold pieces at shops.

Inventory:

Hand Weapons
 a - a +4 hand axe of flaming
 b - a +4 scimitar of venom (weapon)
 G - a +4 war axe
 H - a +7 heavy battleaxe
 O - a +5 short sword
Missiles
 i - 24 poisoned darts (quivered)
 R - a throwing net
Armour
 d - the +2 kite shield of Unreason {Regen+}
   (You acquired it in a bailey)

   Regen+:    It increases your rate of health regeneration.
 g - a +2 helmet (worn)
 B - the +2 leather armour of Cynicism (worn) {rC+ Dex+5}
   (You found it on level 5 of the Dungeon)

   Dex+5:     It affects your dexterity (+5).
   rC+:       It protects you from cold.
 N - a +0 cloak (worn)
 T - a +0 buckler (worn)
Magical Staves
 c - a staff of conjuration
 D - a staff of fire
 I - a staff of air
Jewellery
 e - a ring of positive energy (left hand)
 y - an amulet of faith (around neck)
 J - a ring of protection from cold
 S - a +6 ring of intelligence (right hand)
 U - a ring of protection from cold
 V - a ring of protection from fire
 W - the ring "Hojyvvaa" {Dex+6 Slay+2}
   (You found it on level 11 of the Dungeon)

   [ring of dexterity]

   Dex+6:     It affects your dexterity (+6).
   Slay+2:    It affects your accuracy & damage with ranged weapons and melee
   (+2).
Talismans
 f - a talisman of death
Wands
 t - a wand of charming (26)
 C - a wand of flame (31)
 F - a wand of roots (18)
 M - a wand of light (12)
 Q - a wand of mindburst (2)
Scrolls
 j - 2 scrolls of vulnerability
 q - 6 scrolls of teleportation
 s - 3 scrolls of noise
 u - 3 scrolls of amnesia
 v - 2 scrolls of revelation
 z - 2 scrolls of enchant weapon
 E - 3 scrolls of fear
 K - 2 scrolls of fog
 L - a scroll of enchant armour
Potions
 h - 2 potions of degeneration {unknown}
 k - a potion of heal wounds {unknown}
 l - 4 potions of curing
 m - 2 potions of might {unknown}
 n - a potion of enlightenment
 o - 2 potions of lignification {unknown}
 p - a potion of magic
 r - a potion of brilliance
 w - a potion of haste
 x - a potion of cancellation {unknown}
 A - 3 potions of resistance {unknown}
 P - a potion of attraction {unknown}


   Skills:
 + Level 7.0 Fighting
 + Level 7.0 Short Blades
 + Level 7.0 Long Blades
 + Level 7.0 Axes
 + Level 7.0 Maces & Flails
 + Level 7.0 Polearms
 + Level 7.0 Staves
 + Level 7.0 Ranged Weapons
 + Level 7.0 Throwing
 + Level 7.0 Armour
 + Level 8.4 Dodging
 + Level 8.2 Stealth
 + Level 7.0 Shields
 + Level 7.0 Unarmed Combat
 + Level 8.7 Spellcasting
 + Level 6.2 Conjurations
 + Level 5.8 Hexes
 + Level 5.8 Summonings
 + Level 5.8 Necromancy
 + Level 5.8 Translocations
 + Level 5.8 Transmutations
 + Level 5.8 Fire Magic
 + Level 5.8 Ice Magic
 + Level 8.1 Air Magic
 + Level 5.8 Earth Magic
 + Level 5.8 Poison Magic
 + Level 7.6 Invocations
 + Level 7.0 Evocations
 + Level 5.8 Shapeshifting


You had 4 spell levels left.
You knew the following spells:

 Your Spells              Type           Power      Damage    Failure   Level
a - Shock                 Conj/Air       100%       1d9       1%          1
b - Blink                 Tloc           60%        N/A       2%          2
c - Anguish               Hex/Necr       15%        N/A       16%         4
d - Mephitic Cloud        Conj/Pois/Air  33%        N/A       3%          3
e - Summon Lightning Spi  Summ/Air       34%        N/A       10%         4
f - Arcjolt               Conj/Air       17%        1d27      26%         5
g - Scorch                Fire           60%        2d7       2%          2
q - Frozen Ramparts       Ice            60%        1d10      4%          3

Your spell library contained the following spells:

 Spells                   Type           Power      Damage    Failure   Level
 Magic Dart               Conj           100%       1d8       1%          1
 Static Discharge         Conj/Air       70%        2-5/arc   1%          2
 Swiftness                Air            39%        N/A       1%          3
 Call Imp                 Summ           60%        N/A       2%          2
 Lesser Beckoning         Tloc           60%        N/A       2%          2
 Momentum Strike          Conj/Tloc      62%        3d9       2%          2
 Vhi's Electric Charge    Tloc/Air       68%        N/A       3%          3
 Dazzling Flash           Conj/Hex       62%        N/A       4%          3
 Airstrike                Air            19%        2d(3-19)  6%          4
 Flame Wave               Conj/Fire      31%        2d9       14%         4
 Petrify                  Tmut/Erth      30%        N/A       16%         4
 Silence                  Hex/Air        17%        N/A       28%         5
 Agony                    Necr           30%        N/A       41%         5
 Metabolic Englaciation   Hex/Ice        15%        N/A       41%         5
 Summon Cactus Giant      Summ           15%        N/A       94%         6
 Maxwell's Capacitive Co  Air            19%        ∞         100%        8


Dungeon Overview and Level Annotations

Branches:
Dungeon (11/15)            Temple (1/1) D:6            Lair (0/5) D:8
 Bailey (visited)
    Orc: D:9-12

Altars:
Ashenzari
Cheibriados
Dithmenos
Elyvilon
Fedhas
Gozag
Hepliaklqana
Kikubaaqudgha
Makhleb
Nemelex Xobeh
Okawaru
Qazlal
Ru
Sif Muna
Trog
Uskayaw
Vehumet
Wu Jian
Xom
Yredelemnul
Zin
The Shining One

Shops:
D:9 *:

Portals:
Trove: D:10 (lose all piety)

Annotations:
D:7 3 runed translucent doors, AdnanSaban's ghost, novice GrFi; Kiciri's ghost, novice DjWr; kuzmorgo's ghost, novice GnCA; namnaref's ghost, novice OpEE
D:11 confidenceinterval's ghost, journeyman MiSh


Innate Abilities, Weirdness & Mutations

You have very sharp teeth.
Your uncanny sense of smell can sniff out nearby items.
Your experience applies equally to all skills.
You occasionally shout uncontrollably at your foes.


Message History

Aiming: Mindburst
Press: ? - help, Shift-Dir - straight line, f - confidenceinterval's ghost
Aim: confidenceinterval's ghost (lightly damaged, chance to affect: 45%) Confidenceinterval's ghost's mind is blasted!!
Confidenceinterval's ghost stares at you.
Aiming: Mindburst
Press: ? - help, Shift-Dir - straight line, f/p - confidenceinterval's ghost
Aim: confidenceinterval's ghost (moderately damaged, chance to affect: 45%) Confidenceinterval's ghost's mind is blasted!
Casting: Summon Lightning Spire (dangerous; 10% risk of failure)
Confirm with . or Enter, or press ? or * to list all spells.
An electric hum fills the air.
Your lightning spire cannot move out of your way!
Your lightning spire shoots out a bolt of lightning at confidenceinterval's ghost!
The bolt of electricity hits confidenceinterval's ghost.
Your lightning spire shoots out a bolt of lightning at confidenceinterval's ghost!
The bolt of electricity hits confidenceinterval's ghost!
You closely miss confidenceinterval's ghost.
You bite confidenceinterval's ghost, but do no damage.
Confidenceinterval's ghost is heavily damaged.
Confidenceinterval's ghost closely misses you.
You hit confidenceinterval's ghost but do no damage.
You bite confidenceinterval's ghost, but do no damage.
Confidenceinterval's ghost is heavily damaged.
Confidenceinterval's ghost says, "Your head would complement my pike nicely."
You block confidenceinterval's ghost's attack.
You hit confidenceinterval's ghost but do no damage.
You bite confidenceinterval's ghost, but do no damage.
Confidenceinterval's ghost is heavily damaged.
Confidenceinterval's ghost hits you!! Confidenceinterval's ghost hits you!
* * * LOW HITPOINT WARNING * * *
Casting: Summon Lightning Spire (dangerous; 10% risk of failure)
Confirm with . or Enter, or press ? or * to list all spells.
You blink.
Okay, then.
Press: ? - help, v - describe, . - travel
Here: confidenceinterval's ghost (heavily damaged, ally target)
The floor.
You feel yourself speed up. Confidenceinterval's ghost hits you!!
You die...

.................................
###.©.####......#..##.#..##..#.##
..#####..##.............[##..#.##
#.355$....#..##..............#.##
.###...##.##.####........^.......
.3...#.....#.# ##.##.#########.#
3#..©..##.5#.#####8##.# #.#
##..#......#.......##.##### #.#
..#...#...##....@W.§.[....#####.#
.....#....#..#######.............
.###..#####.## ##.###.>.....#
##©####.....# ### ######.##
......W.###.# #.# #..###### #.#
#.# #.## #.# #.## #.#########.#
#.## #...........# #.##


You could see a quasit, confidenceinterval's ghost (ally target) and a friendly
lightning spire (summoned).

Vanquished Creatures
  The ghost of generaletaddeo the Spear-Bearer, a novice OgBe of Trog (D:9)
  2 two-headed ogres
  Maurice (D:9)
  Psyche (D:10)
  2 komodo dragons (D:8)
  2 hornets
  Grinder (D:3)
  A shadow (D:11)
  10 yaks
  3 nameless horrors (Bailey)
  2 wyverns
  5 orc warriors
  4 black bears
  2 centaurs (D:9)
  A phantom (D:6)
  5 kobold brigands
  2 scorpions (D:6)
  5 bullfrogs
  5 wights
  A killer bee (D:9)
  2 electric eels (D:8)
  4 howler monkeys
  5 hounds
  A bullfrog zombie (D:7)
  A centaur zombie (D:7)
  2 orc priests
  Jessica (D:3)
  An iguana (D:6)
  3 sleepcaps
  8 orc wizards
  A killer bee zombie (D:7)
  Robin (D:2)
  8 gnolls
  5 adders
  A shadow imp (D:6)
  An ufetubus (D:5)
  A worm (D:2)
  4 dart slugs
  34 orcs
  2 ball pythons
  3 endoplasms
  3 giant cockroaches
  25 goblins
  16 hobgoblins
  3 jackals (D:2)
  A quokka (D:5)
  4 bats
  20 kobolds
  6 rats
223 creatures vanquished.

Vanquished Creatures (collateral kills)
  An orc warlord (Bailey)
  A two-headed ogre (D:10)
  An oklob plant (D:9)
  A gargoyle (D:10)
  A troll (D:10)
  A hornet (D:8)
  A wyvern (D:9)
  Sigmund (D:2)
  A steam dragon (D:8)
  A water moccasin (D:9)
  7 orc warriors
  9 wights
  3 killer bees (D:9)
  A centaur zombie (D:7)
  A bullfrog zombie (D:7)
  A gnoll bouda (D:9)
  3 orc wizards
  A killer bee zombie (D:7)
  3 gnolls
  5 orcs (D:7)
  2 goblins (Bailey)
  A hobgoblin (Bailey)
  A kobold (D:2)
48 creatures vanquished.

Vanquished Creatures (others)
  A wight (D:9)
  A gnoll (D:3)
2 creatures vanquished.

Grand Total: 273 creatures vanquished

Notes
Turn   | Place    | Note
-------+----------+-------------------------------------------
     0 | D:1      | Ignak the Gnoll Air Elementalist began the quest for the
                  | Orb.
     0 | D:1      | Reached XP level 1. HP: 13/13 MP: 6/6
    41 | D:1      | Reached XP level 2. HP: 7/20 MP: 3/7
   435 | D:1      | Reached skill level 5 in Spellcasting
   435 | D:1      | Reached XP level 3. HP: 14/25 MP: 3/9
   530 | D:1      | Identified 3 scrolls of acquirement
   530 | D:1      | Acquired a +4 scimitar of venom
   614 | D:1      | Reached skill level 1 in Invocations
   852 | D:2      | Noticed Robin
   867 | D:1      | Reached skill level 1 in Fighting
   867 | D:1      | Reached skill level 1 in Short Blades
   867 | D:1      | Reached skill level 1 in Long Blades
   867 | D:1      | Reached skill level 1 in Axes
   867 | D:1      | Reached skill level 1 in Maces & Flails
   867 | D:1      | Reached skill level 1 in Polearms
   867 | D:1      | Reached skill level 1 in Staves
   867 | D:1      | Reached skill level 1 in Ranged Weapons
   867 | D:1      | Reached skill level 1 in Throwing
   867 | D:1      | Reached skill level 1 in Armour
   867 | D:1      | Reached skill level 1 in Shields
   867 | D:1      | Reached skill level 1 in Unarmed Combat
   867 | D:1      | Reached skill level 1 in Evocations
   895 | D:2      | Reached XP level 4. HP: 32/32 MP: 11/11
   896 | D:2      | Killed Robin
   984 | D:2      | Learned a level 3 spell: Mephitic Cloud
   987 | D:2      | Learned a level 2 spell: Call Imp
  1341 | D:2      | Noticed Sigmund
  1365 | D:2      | Killed Sigmund
  1366 | D:2      | Reached skill level 1 in Hexes
  1366 | D:2      | Reached skill level 1 in Summonings
  1366 | D:2      | Reached skill level 1 in Necromancy
  1366 | D:2      | Reached skill level 1 in Translocations
  1366 | D:2      | Reached skill level 1 in Transmutations
  1366 | D:2      | Reached skill level 1 in Fire Magic
  1366 | D:2      | Reached skill level 1 in Ice Magic
  1366 | D:2      | Reached skill level 1 in Earth Magic
  1366 | D:2      | Reached skill level 1 in Poison Magic
  1366 | D:2      | Reached skill level 1 in Shapeshifting
  1366 | D:2      | Reached XP level 5. HP: 38/38 MP: 5/12
  1676 | D:3      | Reached XP level 6. HP: 43/44 MP: 13/13
  1694 | D:3      | Noticed Grinder
  1716 | D:3      | Paralysed by Grinder for 4 turns
  1758 | D:2      | Acquired 477 gold pieces
  1884 | D:3      | Paralysed by Grinder for 2 turns
  1888 | D:3      | Killed Grinder
  1889 | D:3      | Reached skill level 5 in Dodging
  1889 | D:3      | Reached XP level 7. HP: 26/50 MP: 12/15
  2042 | D:3      | Noticed Jessica
  2049 | D:3      | Killed Jessica
  2151 | D:3      | Found a bloodstained altar of Trog.
  2151 | D:3      | Found a stormy altar of Qazlal.
  2151 | D:3      | Found a hide-covered altar of Uskayaw.
  2151 | D:3      | Found a shimmering blue altar of Sif Muna.
  2164 | D:3      | Became a worshipper of Sif Muna the Loreminder
  2914 | D:5      | Entered Level 5 of the Dungeon
  2929 | D:5      | Learned a level 2 spell: Blink
  2997 | D:5      | Reached skill level 5 in Stealth
  3147 | D:5      | Identified the +2 leather armour of Cynicism {rC+ Dex+5}
  3635 | D:6      | Found an opulent altar of Gozag.
  3712 | D:6      | Reached XP level 8. HP: 35/57 MP: 16/16
  3881 | D:6      | Found a staircase to the Ecumenical Temple.
  3924 | Temple   | Entered the Ecumenical Temple
  3933 | D:6      | Reached * piety under Sif Muna
  4083 | D:6      | Found an iron altar of Okawaru.
  4718 | D:7      | Found a flagged portal.
  4733 | Bailey   | Entered a bailey
  4772 | Bailey   | Reached ** piety under Sif Muna
  4890 | Bailey   | Learned a level 4 spell: Summon Lightning Spire
  5005 | Bailey   | Identified the +0 leather armour "Xeihy" {Contam +Inv
                  | Dex+2}
  5071 | Bailey   | Reached XP level 9. HP: 22/65 MP: 11/18
  5308 | Bailey   | Noticed a nameless horror
  5325 | Bailey   | Acquired the +2 kite shield of Unreason {Regen+}
  5334 | Bailey   | Identified the +4 mace "Keochoib" {antimagic, Will+ SInv}
  5334 | Bailey   | Noticed an orc warlord
  5403 | Bailey   | Killed a nameless horror
  5644 | Bailey   | Noticed a nameless horror
  5647 | Bailey   | Killed an orc warlord
  5648 | Bailey   | Reached skill level 5 in Invocations
  5650 | Bailey   | Killed a nameless horror
  5790 | D:7      | Reached *** piety under Sif Muna
  6004 | D:7      | Reached XP level 10. HP: 73/73 MP: 20/20
  6054 | D:7      | Reached skill level 5 in Fighting
  6054 | D:7      | Reached skill level 5 in Short Blades
  6054 | D:7      | Reached skill level 5 in Long Blades
  6054 | D:7      | Reached skill level 5 in Axes
  6054 | D:7      | Reached skill level 5 in Maces & Flails
  6054 | D:7      | Reached skill level 5 in Polearms
  6054 | D:7      | Reached skill level 5 in Staves
  6054 | D:7      | Reached skill level 5 in Ranged Weapons
  6054 | D:7      | Reached skill level 5 in Throwing
  6054 | D:7      | Reached skill level 5 in Armour
  6054 | D:7      | Reached skill level 5 in Shields
  6054 | D:7      | Reached skill level 5 in Unarmed Combat
  6054 | D:7      | Reached skill level 5 in Evocations
  6257 | D:7      | Learned a level 5 spell: Arcjolt
  6691 | D:7      | Found a runed translucent gate.
  6691 | D:7      | Found a runed translucent gate.
  6691 | D:7      | Found a runed translucent gate.
  6692 | D:7      | Noticed Kiciri's ghost (novice DjWr)
  6692 | D:7      | Noticed AdnanSaban's ghost (novice GrFi)
  6693 | D:7      | Noticed namnaref's ghost (novice OpEE)
  6744 | D:7      | Noticed kuzmorgo's ghost (novice GnCA)
  7075 | D:8      | Reached skill level 5 in Conjurations
  7100 | D:8      | Identified the +0 leather armour of Rotation {Slay+2}
  7271 | D:8      | Reached **** piety under Sif Muna
  8105 | D:8      | Found a staircase to the Lair.
  8114 | D:8      | Reached XP level 11. HP: 45/81 MP: 22/22
  8120 | D:8      | Reached skill level 5 in Hexes
  8120 | D:8      | Reached skill level 5 in Summonings
  8120 | D:8      | Reached skill level 5 in Necromancy
  8120 | D:8      | Reached skill level 5 in Translocations
  8120 | D:8      | Reached skill level 5 in Transmutations
  8120 | D:8      | Reached skill level 5 in Fire Magic
  8120 | D:8      | Reached skill level 5 in Ice Magic
  8120 | D:8      | Reached skill level 5 in Earth Magic
  8120 | D:8      | Reached skill level 5 in Poison Magic
  8120 | D:8      | Reached skill level 5 in Shapeshifting
  8463 | D:9      | Found a runed translucent gate.
  8464 | D:9      | Found a runed translucent gate.
  8482 | D:9      | Found a runed translucent gate.
  8549 | D:9      | Noticed generaletaddeo's ghost (novice OgBe)
  8556 | D:9      | Learned a level 2 spell: Scorch
  8594 | D:9      | Noticed Maurice
  8606 | D:9      | Killed Maurice
  8777 | D:9      | Found an ancient bone altar of Kikubaaqudgha.
  8867 | D:9      | Found Omnem's Tiny Tomes.
  8873 | D:9      | Bought Luuqymol's Exposition on Bad Luck for 140 gold
                  | pieces
  8878 | D:9      | Learned a level 4 spell: Anguish
  9018 | D:9      | Noticed a two-headed ogre
  9032 | D:9      | Killed a two-headed ogre
  9171 | D:9      | Found a broken altar of Ashenzari.
  9440 | D:9      | Reached ***** piety under Sif Muna
  9443 | D:9      | Received a gift from Sif Muna
  9461 | D:9      | Learned a level 3 spell: Frozen Ramparts
  9683 | D:9      | Found a blossoming altar of Fedhas.
  9710 | D:9      | Noticed an oklob plant
 10217 | D:9      | Killed an oklob plant
 10358 | D:9      | Found Kaor's Neck Hole.
 10506 | D:9      | Killed generaletaddeo's ghost
 10676 | D:10     | Entered Level 10 of the Dungeon
 10751 | D:10     | Noticed Psyche
 10759 | D:10     | Killed Psyche
 10852 | D:10     | Found a sparkling altar of Nemelex Xobeh.
 11105 | D:10     | Found a snail-covered altar of Cheibriados.
 11106 | D:10     | Noticed a two-headed ogre
 11149 | D:10     | Killed a two-headed ogre
 11406 | D:10     | Found a portal to a secret trove of treasure.
 12014 | D:11     | Noticed a two-headed ogre
 12033 | D:11     | Killed a two-headed ogre
 12125 | D:11     | Found a transporter.
 12133 | D:11     | Found a transporter.
 12320 | D:11     | Noticed confidenceinterval's ghost (journeyman MiSh)
 12607 | D:11     | Reached XP level 12. HP: 81/89 MP: 24/24
 12983 | D:11     | Identified the ring "Hojyvvaa" {Dex+6 Slay+2}
 12984 | D:11     | Gained mutation: You occasionally shout uncontrollably at
                  | your foes. [a neqoxec]
 13025 | D:11     | Slain by confidenceinterval's ghost

Illustrated notes

Levels and vault maps discovered:
D:1:      minmay_arrival_nine_rooms, layout_rooms, feat_on_display
D:2:      layout_loops_ring, uniq_sigmund, uniq_robin
D:3:      layout_rooms, chequers_temple_overflow_statue_of_worship,
          uniq_grinder, uniq_jessica
D:4:      layout_basic, nrook_campfire, minmay_misc_feat_chi
D:5:      layout_loops_cross
D:6:      layout_loops_ring, grunt_gozag_statues, mainiacjoe_overflow_paths,
          temple_doors_e
D:7:      layout_basic, serial_undead, serial_undead_c, serial_undead_c,
          serial_undead_b, serial_undead_f, enter_bailey_4,
          gammafunk_ghost_cemetery, kennysheep_generic_room_11
D:8:      layout_gridville, due_lair_maze_entry_diamond, serial_bayou_ford_a
D:9:      layout_roguey, tgw_fedhas, evilmike_ruin_ashenzari,
          mainiacjoe_overflow_cross_hatched, ebering_ghost_rock_garden,
          nicolae_shop_i_like_small_books_too,
          hangedman_abyss_or_decor_lesser_grid, grunt_ministairs_15,
          nicolae_shop_sticking_my_neck_out, uniq_maurice
D:10:     layout_gridville, lemuel_coloured_pillars_altar,
          kennysheep_slug_shrine, nicolae_trove_entry_columns, uniq_psyche
D:11:     layout_loops_ring, gammafunk_ghost_stat_death
Temple:   bh_familiar_temple

Skill      XL: |  1  2  3  4  5  6  7  8  9 10 11 12 |
---------------+-------------------------------------+-----
Conjurations   | 2 3 4 5 6 |  6.2
Spellcasting   | 5 6 7 8 |  8.7
Invocations    | 1 2 3 4 5 6 7 |  7.6
Fighting       | 1 2 3 4 5 6 7 |  7.0
Short Blades   | 1 2 3 4 5 6 7 |  7.0
Long Blades    | 1 2 3 4 5 6 7 |  7.0
Axes           | 1 2 3 4 5 6 7 |  7.0
Maces & Flails | 1 2 3 4 5 6 7 |  7.0
Polearms       | 1 2 3 4 5 6 7 |  7.0
Staves         | 1 2 3 4 5 6 7 |  7.0
Ranged Weapons | 1 2 3 4 5 6 7 |  7.0
Throwing       | 1 2 3 4 5 6 7 |  7.0
Armour         | 1 2 3 4 5 6 7 |  7.0
Shields        | 1 2 3 4 5 6 7 |  7.0
Unarmed Combat | 1 2 3 4 5 6 7 |  7.0
Evocations     | 1 2 3 4 5 6 7 |  7.0
Hexes          | 1 2 3 4 5 |  5.8
Summonings     | 1 2 3 4 5 |  5.8
Necromancy     | 1 2 3 4 5 |  5.8
Translocations | 1 2 3 4 5 |  5.8
Transmutations | 1 2 3 4 5 |  5.8
Fire Magic     | 1 2 3 4 5 |  5.8
Ice Magic      | 1 2 3 4 5 |  5.8
Earth Magic    | 1 2 3 4 5 |  5.8
Poison Magic   | 1 2 3 4 5 |  5.8
Shapeshifting  | 1 2 3 4 5 |  5.8
Dodging        | 5 6 7 8 |  8.4
Stealth        | 5 6 7 8 |  8.2
Air Magic      | 6 7 8 |  8.1

Action                     |  1- 3 |  4- 6 |  7- 9 | 10-12 || total
---------------------------+-------+-------+-------+-------++-------
  Melee: Unarmed           |     6 |       |       |       ||     6
         Staff             |    18 |       |       |       ||    18
         Bite              |     4 |     4 |    25 |    41 ||    74
         Dagger            |     1 |       |       |       ||     1
         Scimitar          |    29 |    38 |   117 |   276 ||   460
         Punch             |       |       |    11 |    16 ||    27
         Hand axe          |       |       |    96 |     8 ||   104
         Battleaxe         |       |       |     9 |       ||     9
         Long sword        |       |       |       |    18 ||    18
  Throw: Dart              |       |     3 |    12 |     3 ||    18
   Cast: Shock             |    24 |       |     5 |       ||    29
         Call Imp          |       |     4 |     2 |       ||     6
         Mephitic Cloud    |       |     3 |    14 |    10 ||    27
         Summon Lightning  |       |       |    12 |    20 ||    32
         Blink             |       |       |     6 |     9 ||    15
         Arcjolt           |       |       |       |     2 ||     2
         Anguish           |       |       |       |     7 ||     7
         Maxwell's Capacit |       |       |       |     2 ||     2
         Scorch            |       |       |       |     1 ||     1
 Invoke: Channel Magic     |       |       |     2 |       ||     2
         Divine Exegesis   |       |       |       |     2 ||     2
  Evoke: Wand              |       |     2 |     1 |     5 ||     8
    Use: Scroll            |     1 |     4 |     9 |     8 ||    22
         Potion            |       |       |       |     5 ||     5
   Stab: Confused          |       |     2 |     1 |     3 ||     6
         Sleeping          |       |       |    15 |     9 ||    24
         Paralysed         |       |       |     2 |       ||     2
         Distracted        |       |       |     1 |     6 ||     7
 Armour: Robe              |    37 |    18 |    15 |       ||    70
         Leather armour    |       |       |    54 |    92 ||   146
  Dodge: Dodged            |    57 |    34 |   173 |   222 ||   486
  Block: Buckler           |       |       |       |     9 ||     9
         Form:             |     1 |       |       |       ||     1
         Death             |     1 |       |       |       ||     1

Table legend: (Time is in decaauts)
 A = Elapsed time spent in this place.
 B = Non-inter-level travel time spent in this place.
 C = Inter-level travel time spent in this place.
 D = Time resting spent in this place.
 E = Time spent auto-exploring this place.
 F = Levels seen in this place.
 G = Mean time per level.
                   A        B        C        D        E       F      G
               +--------+--------+--------+--------+--------+-----+--------+
         Total |  13140 |  12849 |    291 |   2458 |   6491 |  13 | 1010.8 |
       Dungeon |  12186 |  11895 |    291 |   2135 |   6491 |  11 | 1107.8 |
        Temple |      1 |      1 |      0 |      0 |      0 |   1 |    1.0 |
        Bailey |    952 |    952 |      0 |    323 |      0 |   1 |  952.0 |
               +--------+--------+--------+--------+--------+-----+--------+

Top non-repeatable levels by time:
     D:9: 2248 daAuts
     D:7: 1618 daAuts
    D:10: 1293 daAuts
     D:8: 1259 daAuts
     D:6: 1075 daAuts
    D:11: 1054 daAuts
     D:2: 961 daAuts
  Bailey: 952 daAuts
     D:1: 877 daAuts
     D:5: 685 daAuts
     D:4: 607 daAuts
     D:3: 503 daAuts
  Temple: 1 daAuts
